Unix NetHack Version 3.7.0-88 Work-in-progress - last build Aug 2 2023 11:53:20 (50dcb167e66cc4b65203c8f4589b38ca9541e2bd,branch:master). Game began 2023-08-05 19:42:23, ended 2023-08-05 20:11:29. Arasaka, neutral male gnomish Archeologist ------ ----- #.....| ----------- |...| ------------- #|....| |o?)?%!+.m| |_..| #|....{......| #|.^..-# |?=?%?!/./| |...| ------- #|...........| #|....|# |o.!@!)?%+| |....#######...u...#####[......*....| #------# |.o.......| |_.[| |.....| #....))......| # # -----|----- |.*.| |....@| #|...........| ) # # -.--- |..{...#####|.*.........| # # # ## |.....| -----------.- # # m # |......###0 # ## # ##### # ---.--- # #######"## # # # # # # -.----- # #### # # ###|.....| # #-------.------- # #-......# # #|.............| ----.-- |....>|#####-----# #|.......{.....| |...[.| ------- #..:..# #........G.....| |.....| |...| |.....n.......| ------- ----- --------------- Arasaka the Investigator St:13 Dx:9 Co:13 In:19 Wi:17 Ch:8 Neutral Dlvl:4 $:12 HP:0(46) Pw:29(29) AC:4 Xp:6/398 T:5954 Blind Latest messages: You drop an uncursed +0 fedora. What do you want to drop? [$abfgijlpsABJLOP or ?*] You drop an uncursed tinning kit (0:61). Where do you want to travel to? (For instructions type a '?') You hear some noises. You have a little trouble lifting f - an uncursed tinning kit (0:61). The stairs are solidly affixed. You fall down the stairs. You try to feel what is lying here on the stairs. You have a little trouble lifting c - an uncursed +0 fedora. You have a little trouble lifting z - an uncursed sack containing 8 items. You climb up the stairs. Where do you want to travel to? (For instructions type a '?') What do you want to sacrifice? [l or ?*] Nothing happens. What do you want to eat? [lAL or ?*] This rothe corpse tastes terrible! Your movements are now unencumbered. You finish eating the rothe corpse. A jackal suddenly appears! A goblin suddenly appears close by! You kill the jackal! You swap places with your warhorse. You are hit. The goblin hits! You kill the goblin! Where do you want to travel to? (For instructions type a '?') You climb up the stairs. You remember this level as books. You descend the stairs. You try to feel what is lying here on the stairs. There is a staircase up to level 3 here. You feel here a cursed large round shield. You swap places with your warhorse. You try to feel what is lying here on the floor. You try to feel what is here. There is an altar to Quetzalcoatl (lawful) here. You feel here an iron skull cap. It explodes! You seem unaffected by it. Wait! There's something there you can't see! You lash it. You miss it. You are suddenly very cold! You miss it. You are suddenly very cold! You die... Inventory: Coins ('$') $ - 12 gold pieces Weapons (')') s - an uncursed +2 elven dagger a - an uncursed +2 bullwhip (weapon in hand) Armor ('[') O - an uncursed rusty +0 dwarvish iron helm (being worn) c - an uncursed +0 fedora J - an uncursed +0 pair of iron shoes (being worn) P - an uncursed +0 dwarvish roundshield (being worn) j - an uncursed +0 leather jacket (being worn) Comestibles ('%') L - 4 uncursed food rations A - 2 uncursed tripe rations Tools ('(') z - an uncursed sack containing 8 items b - an uncursed horn of plenty (0:17) B - an uncursed blindfold (being worn) i - an uncursed oil lamp p - an uncursed tin opener f - an uncursed tinning kit (0:61) Gems/Stones ('*') g - an uncursed touchstone Contents of the sack: a blessed scroll of create monster an uncursed scroll of create monster an uncursed scroll of enchant armor an uncursed scroll of identify an uncursed scroll of teleportation an uncursed potion of object detection an uncursed +1 ring of gain strength a cursed ring of stealth Arasaka the Archeologist's attributes: Background: You were an Investigator, a level 6 male gnomish Archeologist. You were neutral, on a mission for Camaxtli who was opposed by Quetzalcoatl (lawful) and Huhetotl (chaotic). You were in the Dungeons of Doom, on level 4. You entered the dungeon 5954 turns ago. You had 398 experience points, 242 more were needed to attain level 7. Basics: You had 0 out of 46 hit points. You had all 29 energy points (spell power). Your armor class was 4. Your wallet contained 12 zorkmids. Autopickup was on for '$"?' plus thrown, with exceptions. Final Characteristics: Your strength was 13 (limit:18/50). Your dexterity was 9 (limit:18). Your constitution was 13 (limit:18). Your intelligence was 19 (limit:19). Your wisdom was 17 (limit:18). Your charisma was 8 (limit:18). Final Status: You were deliberately blind. You were not hungry. You were unencumbered. You were wielding a whip. You had basic skill with whip and could have enhanced that. Final Attributes: You were piously aligned. You were telepathic. You had automatic searching. You had infravision. You were stealthy. You are dead. Miscellaneous: You disabled loading of bones levels. Total elapsed playing time was 29 minutes and 6 seconds. Major events: Turn 1: Arasaka the neutral male gnomish Archeologist entered the dungeon 549: entered the Gnomish Mines 1080: attained the rank of Field Worker (level 3) 4924: attained the rank of Investigator (level 6) 5954: killed by a blue jelly Vanquished creatures: a leprechaun a wood nymph a rock piercer 2 rock moles a pony a yellow light a shrieker a gray ooze 3 giant ants a little dog 3 floating eyes 2 dwarves 19 hill orcs 2 rothes a centipede a monkey 3 werejackals 3 iguanas an acid blob 4 coyotes a gas spore 5 hobbits 2 hobgoblins a giant rat 2 cave spiders a brown mold 3 yellow molds a gnome 12 geckos 23 jackals 3 foxes 2 goblins 5 grid bugs 3 bats 6 lichens a kobold zombie 7 newts 130 creatures vanquished. No species were genocided or became extinct. Voluntary challenges: You read items or engraved 6 times. You engraved Elbereth 3 times. You never genocided any monsters. You never polymorphed an object. You never changed form. You used no wishes. Achievements: You entered the Gnomish Mines. You entered a shop. You attained the rank of Field Worker. You attained the rank of Investigator. The Dungeons of Doom: levels 1 to 5 Level 1: A fountain. Level 2: Stairs down to The Gnomish Mines. Level 3: "books" A general store. Level 4: <- You were here. A general store, many altars, many fountains, a sink. Final resting place for you, killed by a blue jelly. Level 5: A fountain. The Gnomish Mines: levels 3 to 4 Level 3: Level 4: Game over: ---------- / \ / REST \ / IN \ / PEACE \ / \ | Arasaka | | 12 Au | | killed by a blue | | jelly | | | | | | 2023 | *| * * * | * _________)/\\_//(\/(/\)/\//\/|_)_______ Goodbye Arasaka the Archeologist... You died in The Dungeons of Doom on dungeon level 4 with 1803 points, and 12 pieces of gold, after 5954 moves. You were level 6 with a maximum of 46 hit points when you died.